AoeStats
← King of Manzairra

Arena

505152267Analyzed
1v1 RM · 23d ago on Sep 8, 2026· 36m 24s· 2 players
Game mode
Random Map
Map size
Tiny (2 player)
Population
200
Speed
Normal
Resources
Standard
Victory
Conquest
Starting age
Dark Age
Ending age
Imperial Age
RankedLock teamsTeams togetherTeam positionsShared explorationLock speedFull tech treeHidden civsTurbo modeCheats
Victory
Defeat
🇨🇴 Bengalis · Colombia
1592
+11
🇨🇦 Cumans · Canada
1490
-11
Skyrend
10:21 Feudal Age
15:11 Castle Age
13:33 Double-Bit Axe
16:14 Bow Saw
16:14 Horse Collar
19:07 Wheelbarrow
21:36 Loom
22:32 Heavy Plow
23:31 Hand Cart
23:03 Town Watch
27:17 Fletching
27:28 Padded Archer Armor
30:23 Imperial Age
28:07 Bodkin Arrow
29:54 Ballistics
30:46 Bloodlines
30:37 Husbandry
31:23 Bracer
32:26 Chemistry
31:42 Elite Elephant Archer
33:22 Siege Elephant
34:48 Scale Barding Armor
34:54 Forging
36:01 Chain Barding Armor
36:12 Siege Engineers
35:47 Light Cavalry
King of Manzairra
8:43 Feudal Age
9:29 Double-Bit Axe
9:50 Horse Collar
10:51 Loom
17:34 Wheelbarrow
21:00 Castle Age
19:54 Gold Mining
21:37 Scale Barding Armor
25:01 Imperial Age
22:47 Bloodlines
23:14 Hand Cart
23:07 Fletching
23:44 Bow Saw
24:02 Town Watch
24:20 Bodkin Arrow
24:26 Padded Archer Armor
25:04 Ballistics
25:52 Cuman Mercenaries
25:50 Stone Mining
26:36 Leather Archer Armor
26:50 Thumb Ring
27:55 Parthian Tactics
29:36 Chemistry
29:15 Gold Shaft Mining
28:19 Light Cavalry
29:24 Scale Barding Armor
31:07 Ring Archer Armor
31:26 Conscription
32:04 Elite Kipchak
34:02 Hussar
Connection lost

Rejoining the realm…

Still unreachable

The connection could not be restored.

Session expired

The server has moved on; the page needs a fresh start.